 Dungeon Crawl Stone Soup version 0.22.0-49-gab54619 (webtiles) character file.

458921 Lew the Warrior (level 23, -31/318 (322) HPs)
             Began as a Minotaur Fighter on Sept 3, 2018.
             Was the Champion of Okawaru.
             Annihilated by a tengu reaver
             ... wielding a +0 glaive
              (35 damage)
             ... on level 5 of the Vaults.
             The game lasted 03:34:40 (46449 turns).

Lew the Warrior (Minotaur Fighter)                 Turns: 46449, Time: 03:34:41

HP:   -31/318 (322) AC:  9    Str: 26    XL:     23   Next: 33%
MP:   29/29         EV: 31    Int: 12    God:    Okawaru [******]
Gold: 2750          SH:  3    Dex: 27    Spells: 22/22 levels left

rFire    . . .     SeeInvis +   U - +10 glaive "Loackoic" {elec, Fragile +Blink Dex+4 Stlth+}
rCold    . . .     Gourm    .   (shield currently unavailable)
rNeg     . . .     Faith    .   T - +2 robe of Vines {NoPotionHeal Regen+7}
rPois    +         Spirit   .   F - +2 hat
rElec    .         Reflect  +   u - +2 cloak {MR+}
rCorr    .         Harm     .   H - +2 pair of gloves {Dex+3}
MR       +++..     Clarity  +   b - +2 pair of boots {Stlth+}
Stlth    ..........             p - +3 amulet of reflection
HPRegen  3.43/turn              Y - ring "Soyhurru" {*Corrode rPois Int+7 SInv Stlth-}
MPRegen  0.21/turn              q - +6 ring of slaying

@: berserking, corroded, heavily drained, very quick
A: retaliatory headbutt, horns 2, clarity, magic resistance 1
}: 2/15 runes: serpentine, barnacled
a: Heroism, Finesse, Renounce Religion, Evoke Blink


You were on level 5 of the Vaults.
You worshipped Okawaru.
Okawaru was exalted by your worship.
You were very hungry.

You visited 8 branches of the dungeon, and saw 40 of its levels.
You also visited: Ice Cave, Volcano and Desolation.

You collected 5745 gold pieces.
You spent 2995 gold pieces at shops.

Inventory:

Hand Weapons
 a - a +6 war axe of flaming
 g - the +0 battleaxe "Wigoez" {vamp, rElec rC+ SInv Stlth+}
   (Okawaru gifted it to you on level 3 of the Vaults)

   It inflicts no extra harm, but heals its wielder when it wounds a living foe.
   It protects you from cold.
   It insulates you from electricity.
   It lets you see invisible.
   It makes you more stealthy.
 G - the +2 broad axe of the Tiger {chop, rF+ Int+3 Stlth+}
   (Okawaru gifted it to you on level 2 of the Shoals)

   It inflicts extra damage upon your enemies.
   It affects your intelligence (+3).
   It protects you from fire.
   It makes you more stealthy.
 N - a +7 broad axe
 U - the +10 glaive "Loackoic" (weapon) {elec, Fragile +Blink Dex+4 Stlth+}
   (You took it off a deep elf demonologist on level 3 of the Elven Halls)

   Occasionally, upon striking a foe, it will discharge some electrical energy
   and cause terrible harm.
   It affects your dexterity (+4).
   It lets you blink.
   It will be destroyed if unequipped.
   It makes you more stealthy.
Armour
 b - a +2 pair of boots of stealth (worn)
 c - a +5 shield
 u - a +2 cloak of magic resistance (worn)
 F - a +2 hat (worn)
 H - a +2 pair of gloves of dexterity (worn)
 K - the +2 pair of gloves of the Pure Ghosts {rC+}
   (You found it in a volcano)

   It protects you from cold.
 M - the +1 pair of boots of an ossuary {MR+ Int+4}
   (You found it on level 13 of the Dungeon)

   It affects your intelligence (+4).
   It affects your resistance to hostile enchantments.
 S - the +0 scale mail "Piblenke" {+Inv rElec rF+ rC+}
   (You found it in the Desolation of Salt)

   It protects you from fire.
   It protects you from cold.
   It insulates you from electricity.
   It lets you turn invisible.
 T - the +2 robe of Vines (worn) {NoPotionHeal Regen+7}
   (You bought it in a shop on level 3 of the Snake Pit)

   It increases your rate of regeneration.
Jewellery
 i - the ring "Zuhu" {rPois rF+ Dex+4}
   (You found it in the Desolation of Salt)

   [ring of poison resistance]

   It affects your dexterity (+4).
   It protects you from fire.
   It protects you from poison.
 j - an uncursed ring of protection from cold
 p - a +3 amulet of reflection (around neck)
 q - a +6 ring of slaying (right hand)
 V - the ring "Xyjeoko" {*Corrode rPois MR+ Stlth+}
   (You took it off an orc warrior on level 14 of the Dungeon)

   [ring of stealth]

   It protects you from poison.
   It affects your resistance to hostile enchantments.
   It may corrode you when you take damage.
   It makes you more stealthy.
 Y - the ring "Soyhurru" (left hand) {*Corrode rPois Int+7 SInv Stlth-}
   (You found it on level 3 of the Elven Halls)

   [ring of attention]

   It affects your intelligence (+7).
   It protects you from poison.
   It lets you see invisible.
   It may corrode you when you take damage.
   It makes you less stealthy.
 Z - the ring of Yghomap {+Fly Str+2}
   (You found it in the Desolation of Salt)

   [ring of flight]

   It affects your strength (+2).
   It lets you fly.
Wands
 h - a wand of acid (8)
 r - a wand of digging (23)
 x - a wand of paralysis (40)
 z - a wand of iceblast (35)
 B - a wand of scattershot (10)
 Q - a wand of enslavement (39)
 W - a wand of disintegration (10)
Scrolls
 k - 14 scrolls of teleportation
 m - a scroll of holy word
 n - 20 scrolls of remove curse
 y - 4 scrolls of fog
 A - 3 scrolls of blinking
 C - 7 scrolls of fear
 E - 3 scrolls of enchant armour
 J - 2 scrolls of magic mapping
Potions
 d - 3 potions of might
 o - 17 potions of curing
 t - 6 potions of haste
 v - 7 potions of agility
 w - 7 potions of heal wounds
 D - 5 potions of mutation
 I - a potion of resistance
 X - 5 potions of ambrosia
Miscellaneous
 s - a phial of floods
 O - a lamp of fire
 R - a lightning rod (4/4)
Comestibles
 f - 38 rations


   Skills:
 - Level 20.0(17.1) Fighting
 + Level 19.4(16.6) Axes
 - Level 15.0(12.4) Armour
 - Level 20.0(17.1) Dodging
 - Level 15.0(12.4) Stealth
 - Level 20.0(17.1) Shields
 - Level 10.0(7.7) Invocations
 - Level 10.0(7.7) Evocations


You had 22 spell levels left.
You didn't know any spells.
Your spell library contained the following spells:

 Spells                   Type           Power        Failure   Level  Hunger
 Animate Skeleton         Necr           N/A          32%         1    ##.....
 Beastly Appendage        Tmut           #.....       32%         1    ##.....
 Corona                   Hex            #......      32%         1    ##.....
 Freeze                   Ice            #...         32%         1    ##.....
 Magic Dart               Conj           #...         32%         1    ##.....
 Pain                     Necr           #...         32%         1    ##.....
 Shock                    Conj/Air       #...         32%         1    ##.....
 Sting                    Conj/Pois      #...         32%         1    ##.....
 Summon Butterflies       Summ           #.......     32%         1    ##.....
 Blink                    Tloc           N/A          45%         2    ###....
 Call Imp                 Summ           #.......     45%         2    ###....
 Ensorcelled Hibernation  Hex/Ice        #.....       45%         2    ###....
 Poisonous Vapours        Pois/Air       #.....       45%         2    ###....
 Slow                     Hex            #.......     45%         2    ###....
 Sticks to Snakes         Tmut           #.......     45%         2    ###....
 Swiftness                Chrm/Air       #.......     45%         2    ###....
 Throw Frost              Conj/Ice       #.....       45%         2    ###....
 Confuse                  Hex            #.......     69%         3    ####...
 Conjure Flame            Conj/Fire      #.......     69%         3    ####...
 Dazzling Spray           Conj/Hex       #.....       69%         3    ####...
 Ignite Poison            Fire/Tmut/Pois #.......     69%         3    ####...
 Inner Flame              Hex/Fire       #.......     69%         3    ####...
 Mephitic Cloud           Conj/Pois/Air  #.......     69%         3    ####...
 Portal Projectile        Hex/Tloc       #.....       69%         3    ####...
 Recall                   Summ/Tloc      N/A          69%         3    ####...
 Regeneration             Chrm/Necr      #.........   69%         3    ####...
 Spider Form              Tmut/Pois      #.........   69%         3    ####...
 Static Discharge         Conj/Air       #.......     69%         3    ####...
 Summon Guardian Golem    Hex/Summ       #.......     69%         3    ####...
 Tukima's Dance           Hex            #.......     69%         3    ####...
 Vampiric Draining        Necr           #.........   69%         3    ####...
 Airstrike                Air            #.........   97%         4    #####..
 Animate Dead             Necr           N/A          97%         4    #####..
 Cause Fear               Hex            #.........   97%         4    #####..
 Ice Form                 Ice/Tmut       #.......     97%         4    #####..
 Leda's Liquefaction      Hex/Erth       #.........   97%         4    #####..
 Olgreb's Toxic Radiance  Pois           #.......     97%         4    #####..
 Throw Icicle             Conj/Ice       #.......     97%         4    #####..
 Alistair's Intoxication  Tmut/Pois      #.......     100%        5    ######.
 Aura of Abjuration       Summ           #.........   100%        5    ######.
 Blade Hands              Tmut           #.........   100%        5    ######.
 Bolt of Draining         Conj/Necr      #.........   100%        5    ######.
 Bolt of Magma            Conj/Fire/Erth #.........   100%        5    ######.
 Fireball                 Conj/Fire      #.........   100%        5    ######.
 Iskenderun's Battlesphe  Conj/Chrm      #.......     100%        5    ######.
 Lightning Bolt           Conj/Air       #.........   100%        5    ######.
 Metabolic Englaciation   Hex/Ice        #.........   100%        5    ######.
 Silence                  Hex/Air        #.........   100%        5    ######.
 Summon Demon             Summ           #.........   100%        5    ######.
 Summon Forest            Summ/Tloc      #.........   100%        5    ######.
 Summon Mana Viper        Hex/Summ       #.......     100%        5    ######.
 Venom Bolt               Conj/Pois      #.........   100%        5    ######.
 Bolt of Cold             Conj/Ice       #.........   100%        6    #######
 Bolt of Fire             Conj/Fire      #.........   100%        6    #######
 Conjure Ball Lightning   Conj/Air       #.........   100%        6    #######
 Freezing Cloud           Conj/Ice/Air   #.........   100%        6    #######
 Hydra Form               Tmut           #.........   100%        6    #######
 Invisibility             Hex            #.......     100%        6    #######
 Iron Shot                Conj/Erth      #.........   100%        6    #######
 Shadow Creatures         Summ           N/A          100%        6    #######
 Statue Form              Tmut/Erth      #........    100%        6    #######
 Orb of Destruction       Conj           #.........   100%        7    #######
 Ring of Flames           Chrm/Fire      #.........   100%        7    #######
 Spellforged Servitor     Conj/Summ      #.........   100%        7    #######
 Discord                  Hex            #.........   100%        8    #######
 Ignition                 Fire           #.........   100%        8    #######
 Shatter                  Erth           #.........   100%        9    #######
 Tornado                  Air            #.........   100%        9    #######


Dungeon Overview and Level Annotations

Branches:
Dungeon (15/15)            Temple (1/1) D:5            Lair (6/6) D:10
 Shoals (4/4) Lair:3        Snake (4/4) Lair:3        Slime (0/5) Lair:6
    Orc (2/2) D:10            Elf (3/3) Orc:2        Vaults (5/5) D:14
  Crypt (0/3) Vaults:2     Depths (0/5) D:15

Altars:
Ashenzari
Cheibriados
Dithmenos
Elyvilon
Fedhas
Gozag
Hepliaklqana
Kikubaaqudgha
Makhleb
Nemelex Xobeh
Okawaru
Qazlal
Ru
Sif Muna
Trog
Uskayaw
Vehumet
Wu Jian
Xom
Yredelemnul
Zin
The Shining One

Shops:
D:7 !   D:10 (   D:11 }   D:12 (   Orc:2 [:*   Elf:1 (}[*   Elf:2 (
Shoals:2 (   Snake:2 }   Snake:3 [!}[:[:*   Vaults:3 [   Vaults:4 }=}*

Portals:
Trove: Elf:1 (give 8 potions of haste)

Annotations:
D:2 exclusion: oklob plant
D:14 1 runed door


Innate Abilities, Weirdness & Mutations

You reflexively headbutt those who attack you in melee.
You have a pair of horns on your head.
You possess an exceptional clarity of mind.
You are resistant to hostile enchantments. (MR+)


Message History

The ogre mage completely misses you. The vault warden closely misses you.
You furiously retaliate!
You headbutt the vault warden, but do no damage.
The ghostly deep elf death mage beckons forth a restless soul!
The brown very ugly thing misses you. You furiously retaliate!
You headbutt the brown very ugly thing, but do no damage.
The deep elf archer shoots an arrow.
The arrow completely misses you.
A red film seems to cover your vision as you go berserk!
You feel yourself moving faster!
You feel mighty!
The ghostly deep elf death mage casts a spell at you.
The bolt of negative energy hits you!
You feel drained.
* * * LOW HITPOINT WARNING * * *
The yaktaur wields an arbalest.
The yaktaur shoots a bolt.
The bolt closely misses you.
The ogre mage mumbles some strange words.
The ogre mage blinks!
The brown very ugly thing completely misses you.
You furiously retaliate!
You headbutt the brown very ugly thing!
The tengu reaver hits you from afar with a glaive!!
You die...

..# #....# ...
#....# .... ...
#....# #....
###..#....##....
.....#....#...#
......(...*..#
####..([(..Q#####
.......<<...*....
......<..@.*...e.
.......cuepc.....
.......ยง.c.(.e...
####........#####
#..........
+##....#...#
#....#.#.#
#...O#.#.#


You could see a brown very ugly thing, a vault warden, a tengu reaver, a ghostly
deep elf death mage, an ogre mage, a deep elf archer, 3 yaktaurs, a deep elf
mage, 2 lost souls and a battlesphere.

Vanquished Creatures
  Boris (Vaults:4)
  The ghost of Zuyghoite the Impregnable, an adept MiFi of the Shining One (Vaults:4)
  A lich (Vaults:4)
  A deep elf master archer (Elf:3)
  A deep elf blademaster (Elf:2)
  A titan (Vaults:4)
  3 sphinxes
  Polyphemus (Shoals:3)
  Kirke (Shoals:4)
  Agnes (Snake:2)
  6 nagarajas
  A frost giant (IceCv)
  5 deep elf sorcerers
  Louise (Snake:2)
  10 vault wardens
  2 imperial myrmidons (Desolation)
  4 deep elf elementalists (Elf:3)
  16 ironheart preservers
  13 very ugly things
  A large abomination (Elf:3)
  A war gargoyle (Vaults:4)
  11 stone giants
  8 deep elf demonologists
  12 deep elf annihilators
  3 halazid warlocks (Desolation)
  The ghost of Oddysee the Cleaver, a journeyman HOFi of Beogh (Lair:2)
  2 merfolk javelineers (Shoals:4)
  Josephine (Snake:1)
  5 ettins
  2 crystal guardians
  7 ragged hierophants (Desolation)
  7 deep elf death magi
  7 yaktaur captains
  11 merfolk impalers
  2 fire dragons
  Fannar (D:10)
  A great orb of eyes (Vaults:3)
  2 deep elf high priests (Elf:3)
  35 vault guards
  4 servants of whispers (Desolation)
  8 ogre magi
  A rakshasa (D:15)
  9 hydras
  26 naga warriors
  7 centaur warriors
  5 ice dragons
  10 peacekeepers
  2 merfolk avatars (Shoals:2)
  2 catoblepae
  13 anacondas
  5 merfolk aquamancers
  Erica (D:11)
  3 death knights (D:14)
  22 dancing weapons
  4 alligator snapping turtles
  4 satyrs
  30 two-headed ogres
  A vampire mage (D:15)
  2 tengu warriors (D:14)
  The ghost of Kold the Severer, a novice MiGl of Wu Jian (D:10)
  2 deep troll earth magi
  2 deep troll shamans
  6 orc high priests
  16 death yaks
  10 naga sharpshooters
  12 shock serpents
  A storm dragon zombie (D:15)
  Sonja (Lair:4)
  3 small abominations (Elf:3)
  24 deep elf knights
  8 skeletal warriors
  2 fire crabs (D:14)
  2 shadow wraiths (Vaults:4)
  A sea snake (shapeshifter) (D:14)
  4 unseen horrors
  4 salamander mystics
  11 sea snakes
  A deep troll (shapeshifter) (Vaults:4)
  A glowing orange brain (Vaults:1)
  8 deep trolls
  3 wizards
  2 flayed ghosts (Vaults:3)
  Pikel (D:9)
  An obsidian statue (Vaults:4)
  18 deep elf archers
  17 ironbrand convokers
  An anaconda skeleton (Volcano)
  16 naga ritualists
  19 harpies
  12 mana vipers
  2 necromancers
  A stone giant zombie (D:15)
  A lindwurm (Lair:6)
  67 deep elf magi
  16 orc knights
  4 wolf spiders
  35 ugly things
  2 phantasmal warriors
  3 oklob plants (Lair:5)
  15 manticores
  7 fauns
  8 orc sorcerers
  7 cyclopes
  An elephant (shapeshifter) (D:14)
  23 salamanders
  A salamander (shapeshifter) (Vaults:2)
  10 guardian serpents
  42 black mambas
  13 elephants
  Joseph (D:10)
  7 merfolk sirens
  10 vault sentinels
  5 water nymphs
  An ice statue (IceCv)
  32 naga magi
  6 torpor snails (Lair:6)
  Psyche (D:11)
  2 molten gargoyles (Desolation)
  A yaktaur zombie (D:15)
  6 gargoyles
  4 centaur skeletons
  The ghost of aaksess the Vexing, a novice FoAM of Cheibriados (D:4)
  A rime drake (Lair:2)
  A yaktaur (shapeshifter) (Vaults:2)
  A redback zombie (D:14)
  10 spiny frogs
  14 yaktaurs
  An efreet (D:13)
  8 komodo dragons
  8 freezing wraiths
  A harpy zombie (D:13)
  A tengu conjurer (D:14)
  A queen bee (shapeshifter) (Vaults:4)
  A polar bear (shapeshifter) (Elf:1)
  13 hornets
  31 polar bears
  11 trolls
  A troll (shapeshifter) (Vaults:4)
  11 wind drakes
  A merfolk (shapeshifter) (Vaults:2)
  33 merfolk
  Prince Ribbit (D:7)
  66 saltlings (Desolation)
  4 tyrant leeches (Lair:6)
  11 blink frogs
  A hippogriff (shapeshifter) (Vaults:1)
  12 slime creatures
  2 raiju (shapeshifter)
  11 snapping turtles
  9 dream sheep
  13 hippogriffs
  A spectral black mamba (Lair:2)
  3 air elementals (Elf:2)
  3 flying skulls (Volcano)
  A vampire (D:15)
  2 alligator skeletons (Volcano)
  A fire dragon skeleton (D:15)
  A centaur simulacrum (D:14)
  6 wraiths
  A shadow (D:8)
  2 wyverns
  8 water elementals
  44 yaks
  Grum (D:10)
  5 basilisks
  2 fire elementals
  3 hogs (Shoals:4)
  Eustachio (D:6)
  A spectral komodo dragon (Lair:2)
  8 wargs
  5 hungry ghosts
  A catoblepas simulacrum (Lair:2)
  69 nagas
  An acid dragon (Vaults:1)
  15 water moccasins
  11 black bears (Lair:6)
  17 hell hounds (Lair:6)
  4 porcupines
  48 orc warriors
  A hornet zombie (D:14)
  11 ice beasts
  5 sky beasts
  5 necrophages
  2 slaves (D:9)
  27 ogres
  37 wolves
  4 boggarts
  A phantom (D:14)
  21 centaurs
  13 crocodiles
  2 big kobolds
  An earth elemental (Elf:2)
  17 bullfrogs
  4 gnoll sergeants (D:10)
  A spiny frog simulacrum (Lair:2)
  A wyvern skeleton (D:7)
  3 scorpions
  A water moccasin skeleton (D:4)
  10 wights
  A troll skeleton (Volcano)
  5 electric eels
  5 howler monkeys
  A torpor snail simulacrum (Lair:2)
  4 crimson imps
  2 centaur zombies
  20 jellies
  A komodo dragon simulacrum (Lair:2)
  A quasit (D:9)
  2 bullfrog zombies (D:5)
  5 hounds
  A wyvern simulacrum (D:14)
  22 orc priests
  36 orc wizards
  10 iguanas
  12 worker ants
  A naga skeleton (Volcano)
  2 hound zombies
  A hound skeleton (D:8)
  A howler monkey skeleton (D:10)
  7 adders
  7 gnolls
  3 shadow imps
  9 oozes
  An adder skeleton (D:9)
  An adder zombie (D:5)
  5 worms
  2 dart slugs
  12 leopard geckos
  102 orcs
  11 bats
  5 giant cockroaches
  3 goblins
  5 hobgoblins
  10 jackals
  4 quokkas
  A ball python (D:7)
  10 frilled lizards
  A giant cockroach zombie (D:4)
  A jackal zombie (D:4)
  12 kobolds
  A leopard gecko skeleton (D:9)
  A quokka skeleton (D:9)
  7 rats
  A butterfly (Lair:3)
  5 crawling corpses (Elf:3)
  A fire vortex (Lair:5)
  5 fungi
  19 plants
1990 creatures vanquished.

Vanquished Creatures (collateral kills)
  2 naga magi (Snake:4)
  A naga (Snake:4)
  An ogre (Vaults:2)
4 creatures vanquished.

Vanquished Creatures (others)
  A deep elf high priest (Elf:3)
  3 satyrs
  2 naga sharpshooters (Snake:4)
  2 deep elf archers
  A manticore (Shoals:1)
  2 black mambas
  2 naga magi (Snake:4)
  2 yaktaurs
  A yak (D:14)
  A warg (Vaults:4)
  2 nagas (Snake:4)
  2 slaves (D:9)
  A boggart (Elf:1)
  3 centaurs (Shoals:3)
  A crocodile (Lair:2)
  A leopard gecko (Lair:2)
  An orc (Elf:1)
  A quokka zombie (D:9)
  26 plants
55 creatures vanquished.

Grand Total: 2049 creatures vanquished

Notes
Turn   | Place    | Note
-------+----------+-------------------------------------------
     0 | D:1      | Lew the Minotaur Fighter began the quest for the Orb.
     0 | D:1      | Reached XP level 1. HP: 19/19 MP: 0/0
    50 | D:1      | Reached XP level 2. HP: 23/26 MP: 1/1
   148 | D:1      | Reached XP level 3. HP: 28/31 MP: 2/2
   603 | D:2      | Reached skill level 5 in Axes
   663 | D:2      | Reached XP level 4. HP: 33/39 MP: 3/3
   757 | D:2      | Found a basalt altar of Yredelemnul.
  1132 | D:2      | Found a blossoming altar of Fedhas.
  1153 | D:2      | Noticed an oklob plant
  1768 | D:3      | Noticed an ogre
  1779 | D:3      | Killed an ogre
  1779 | D:3      | Reached XP level 5. HP: 27/45 MP: 4/4
  2257 | D:4      | Found a runed gate.
  2257 | D:4      | Found a runed gate.
  2275 | D:4      | Found a runed gate.
  2278 | D:4      | Noticed aaksess's ghost (novice FoAM)
  2333 | D:4      | Found an opulent altar of Gozag.
  2545 | D:4      | Got a scorched ring mail
  2556 | D:4      | Identified the +1 ring mail of Limited Liability {MR- Str+5
                  | Int+4} (You found it on level 4 of the Dungeon)
  2616 | D:4      | Killed aaksess's ghost
  2616 | D:4      | Reached skill level 1 in Dodging
  2616 | D:4      | Reached XP level 6. HP: 53/53 MP: 5/5
  2616 | D:4      | Reached XP level 7. HP: 60/60 MP: 6/6
  2709 | D:5      | Entered Level 5 of the Dungeon
  2749 | D:5      | Found a staircase to the Ecumenical Temple.
  2757 | Temple   | Entered the Ecumenical Temple
  2984 | D:5      | Reached skill level 5 in Fighting
  2984 | D:5      | Reached skill level 5 in Armour
  2984 | D:5      | Reached skill level 5 in Shields
  3120 | D:5      | Reached XP level 8. HP: 59/68 MP: 7/7
  3592 | D:6      | Reached skill level 5 in Dodging
  3631 | D:6      | Reached skill level 10 in Axes
  3952 | D:6      | Noticed Eustachio
  3960 | D:6      | Killed Eustachio
  4347 | D:6      | Reached XP level 9. HP: 70/74 MP: 8/8
  4608 | D:7      | Found Seab Led's Distillery.
  4618 | D:7      | Bought a potion of curing for 42 gold pieces
  4618 | D:7      | Bought a potion of mutation for 112 gold pieces
  4876 | D:7      | Noticed Prince Ribbit
  4891 | D:7      | Killed Prince Ribbit
  6042 | D:8      | Found an iron altar of Okawaru.
  6118 | D:8      | Became a worshipper of Warmaster Okawaru
  6155 | D:9      | Noticed a troll
  6160 | D:9      | Killed a troll
  6178 | D:9      | Noticed Pikel
  6180 | D:9      | Reached XP level 10. HP: 59/81 MP: 9/9
  6200 | D:9      | Reached * piety under Okawaru
  6203 | D:9      | Killed Pikel
  6213 | D:9      | Reached ** piety under Okawaru
  6247 | D:9      | Found a deep blue altar of Sif Muna.
  6250 | D:9      | Found a shadowy altar of Dithmenos.
  6252 | D:9      | Found a sacrificial altar of Ru.
  6712 | D:10     | Entered Level 10 of the Dungeon
  6728 | D:10     | Reached *** piety under Okawaru
  6789 | D:10     | Found a staircase to the Orcish Mines.
  6995 | D:10     | Noticed a two-headed ogre
  7003 | D:10     | Killed a two-headed ogre
  7003 | D:10     | Reached **** piety under Okawaru
  7003 | D:10     | Reached XP level 11. HP: 65/92 MP: 10/10
  7112 | D:10     | Found a runed door.
  7118 | D:10     | Noticed Kold's ghost (novice MiGl)
  7143 | D:10     | Found Duddevve's Weapon Boutique.
  7154 | D:10     | Noticed Fannar
  7167 | D:10     | Killed Fannar
  7287 | D:10     | Found a staircase to the Lair.
  7288 | D:10     | Noticed Joseph
  7314 | D:10     | Reached ***** piety under Okawaru
  7323 | D:10     | Killed Joseph
  7602 | D:10     | Noticed Grum
  7616 | D:10     | Killed Grum
  7616 | D:10     | Reached skill level 15 in Axes
  7954 | D:10     | Killed Kold's ghost
  8055 | Lair:1   | Entered Level 1 of the Lair of Beasts
  8436 | Lair:1   | Received a gift from Okawaru
  8680 | Lair:2   | Noticed a seven-headed hydra
  8687 | Lair:2   | Killed a four-headed hydra
  8687 | Lair:2   | Received a gift from Okawaru
  9217 | Lair:2   | Found a runed gate.
  9217 | Lair:2   | Found a runed gate.
  9218 | Lair:2   | Found a runed gate.
  9236 | Lair:2   | Reached XP level 12. HP: 96/104 MP: 11/11
  9963 | Lair:2   | Noticed Oddysee's ghost (journeyman HOFi)
  9990 | Lair:2   | Killed Oddysee's ghost
 10165 | Lair:3   | Found a dark tunnel.
 10170 | Volcano  | Entered a volcano
 10322 | Volcano  | Reached skill level 10 in Armour
 10518 | Volcano  | Reached skill level 10 in Fighting
 10518 | Volcano  | Reached skill level 10 in Shields
 10558 | Volcano  | Received a gift from Okawaru
 10561 | Volcano  | Got a pitted broad axe {god gift}
 10562 | Volcano  | Identified the +4 broad axe of Hoamutaa {chop, rC- Int+5
                  | Dex+7} (Okawaru gifted it to you in a volcano)
 10583 | Volcano  | Got a pair of heavily runed gloves
 10630 | Volcano  | Identified the +2 pair of gloves of the Pure Ghosts {rC+}
                  | (You found it in a volcano)
 10750 | Volcano  | Reached skill level 10 in Dodging
 11104 | Lair:3   | Reached skill level 1 in Invocations
 11153 | Lair:3   | Reached ****** piety under Okawaru
 11204 | Lair:3   | Found a staircase to the Snake Pit.
 11368 | Lair:3   | Found a staircase to the Shoals.
 11622 | Lair:4   | Reached XP level 13. HP: 114/114 MP: 13/13
 11671 | Lair:4   | Received a gift from Okawaru
 11675 | Lair:4   | Got a transparent chain mail {god gift}
 11678 | Lair:4   | Identified the +3 chain mail "Bieg Hec" {Dex+4} (Okawaru
                  | gifted it to you on level 4 of the Lair of Beasts)
 11715 | Lair:4   | Noticed Sonja
 11721 | Lair:4   | Killed Sonja
 12736 | Lair:5   | Received a gift from Okawaru
 13026 | Lair:5   | Reached skill level 5 in Invocations
 13675 | Lair:6   | Entered Level 6 of the Lair of Beasts
 13728 | Lair:6   | Found a frozen archway.
 13751 | IceCv    | Entered an ice cave
 13761 | IceCv    | Reached XP level 14. HP: 125/125 MP: 17/17
 13770 | IceCv    | Received a gift from Okawaru
 13773 | IceCv    | Got a pitted chain mail {god gift}
 13774 | IceCv    | Identified the +2 chain mail of Cocytus {Int+2} (Okawaru
                  | gifted it to you in an ice cave)
 14245 | IceCv    | Noticed a frost giant
 14262 | IceCv    | Killed a frost giant
 14315 | IceCv    | Identified the Almanac of the Excruciating Frostbite
 14869 | Lair:6   | Found a staircase to the Slime Pits.
 15045 | Lair:6   | Received a gift from Okawaru
 15057 | Lair:6   | Got a pair of encrusted gloves {god gift}
 15159 | Lair:6   | Identified the +0 pair of gloves of the Sun {Int+3 Dex+3}
                  | (Okawaru gifted it to you on level 6 of the Lair of Beasts)
 15429 | Lair:6   | Paralysed by a hornet for 1 turns
 15645 | Lair:6   | Found a runed door.
 15770 | Lair:6   | Reached XP level 15. HP: 122/135 MP: 19/19
 16454 | Snake:1  | Entered Level 1 of the Snake Pit
 16454 | Snake:1  | Noticed Josephine
 16460 | Snake:1  | Killed Josephine
 16526 | Snake:1  | Received a gift from Okawaru
 16921 | Snake:1  | Received a gift from Okawaru
 16936 | Snake:1  | Got a steaming demon trident {god gift}
 17080 | Snake:1  | Identified the +8 demon trident of the Iron City of Dis
                  | {freeze, rPois Str+3 Int-4 Dex+3} (Okawaru gifted it to you
                  | on level 1 of the Snake Pit)
 17516 | Snake:2  | Noticed Louise
 17556 | Snake:2  | Killed Louise
 18141 | Snake:2  | Found Xiuclosh's Gadget Boutique.
 18201 | Snake:2  | Received a gift from Okawaru
 18503 | Snake:2  | Noticed Agnes
 18510 | Snake:2  | Killed Agnes
 18655 | Snake:2  | Noticed a nagaraja
 18667 | Snake:2  | Killed a nagaraja
 18965 | Snake:2  | Reached XP level 16. HP: 111/146 MP: 21/21
 19340 | Snake:3  | Found Kasuxt's Book Emporium.
 19674 | Snake:3  | Received a gift from Okawaru
 19778 | Snake:3  | Found Peguot's Armour Emporium.
 19780 | Snake:3  | Found Wemoa's Antique Armour Shoppe.
 19780 | Snake:3  | Found Cipyulep's Distillery.
 19793 | Snake:3  | Found Itattuk's Book Shoppe.
 19809 | Snake:3  | Bought a runed scarf for 256 gold pieces
 20106 | Snake:3  | Found Eceaxidgh's Armour Emporium.
 20481 | Snake:3  | Reached skill level 10 in Invocations
 20520 | Snake:3  | Found Aklonei's Gadget Boutique.
 20547 | Snake:3  | Bought the +2 robe of Vines {NoPotionHeal Regen+7} for 880
                  | gold pieces
 20547 | Snake:3  | Found the +2 robe of Vines {NoPotionHeal Regen+7}
 20902 | Snake:3  | Found Jegocwet's Assorted Antiques.
 20912 | Snake:3  | Bought a scroll of enchant armour for 232 gold pieces
 20912 | Snake:3  | Bought a scroll labeled YMPENE GIDALINK for 31 gold pieces
 20914 | Snake:3  | Bought a scroll labeled PUDWU WYACACK for 31 gold pieces
 20914 | Snake:3  | Bought a scroll labeled PUDWU WYACACK for 31 gold pieces
 21669 | Snake:3  | Bought a potion of berserk rage for 75 gold pieces
 21768 | Snake:3  | Bought a scroll of identify for 62 gold pieces
 21831 | Snake:4  | Entered Level 4 of the Snake Pit
 21896 | Snake:4  | Reached skill level 15 in Fighting
 21899 | Snake:4  | Reached skill level 15 in Armour
 21901 | Snake:4  | Reached skill level 15 in Shields
 22204 | Snake:4  | Received a gift from Okawaru
 22205 | Snake:4  | Reached skill level 15 in Dodging
 22213 | Snake:4  | Reached skill level 1 in Evocations
 22215 | Snake:4  | Got a crystal battleaxe {chop}
 22216 | Snake:4  | Identified the +9 battleaxe of the Eternal Void {chop,
                  | +Rage Int+2} (You took it off a naga warrior on level 4 of
                  | the Snake Pit)
 22219 | Snake:4  | Got a twisted long sword {god gift}
 22220 | Snake:4  | Identified the +7 long sword of the Doomed Warrior {drain,
                  | rElec rPois} (Okawaru gifted it to you on level 4 of the
                  | Snake Pit)
 22441 | Snake:4  | Reached XP level 17. HP: 130/156 MP: 23/23
 22454 | Snake:4  | Reached skill level 5 in Evocations
 22491 | Snake:4  | Reached skill level 1 in Stealth
 22519 | Snake:4  | Received a gift from Okawaru
 22568 | Snake:4  | Got a smoking chain mail {god gift}
 22570 | Snake:4  | Identified the +1 chain mail "Saamaeph" {+Blink rElec
                  | Regen+ Int-3} (Okawaru gifted it to you on level 4 of the
                  | Snake Pit)
 22776 | Snake:4  | Got a serpentine rune of Zot
 23351 | Lair:3   | Gained mutation: You are weak. (Str -2) [potion of
                  | mutation]
 23351 | Lair:3   | Gained mutation: You are robust. (+10% HP) [potion of
                  | mutation]
 23351 | Lair:3   | Gained mutation: You are partially covered in rugged brown
                  | scales. (AC +1, +3% HP) [potion of mutation]
 23358 | Lair:3   | Lost mutation: You are weak. (Str -2) [potion of mutation]
 23358 | Lair:3   | Lost mutation: You are robust. (+10% HP) [potion of
                  | mutation]
 23358 | Lair:3   | Lost mutation: You are partially covered in rugged brown
                  | scales. (AC +1, +3% HP) [potion of mutation]
 23358 | Lair:3   | Gained mutation: Your magical capacity is low. (-10% MP)
                  | [potion of mutation]
 23358 | Lair:3   | Gained mutation: You possess an exceptional clarity of
                  | mind. [potion of mutation]
 23358 | Lair:3   | Gained mutation: You are partially covered in iridescent
                  | scales. (AC +2) [potion of mutation]
 23359 | Lair:3   | Lost mutation: Your magical capacity is low. (-10% MP)
                  | [potion of mutation]
 23359 | Lair:3   | Lost mutation: You possess an exceptional clarity of mind.
                  | [potion of mutation]
 23359 | Lair:3   | Lost mutation: You are partially covered in iridescent
                  | scales. (AC +2) [potion of mutation]
 23359 | Lair:3   | Gained mutation: Your spells are a little harder to cast,
                  | but a little more powerful. [potion of mutation]
 23359 | Lair:3   | Gained mutation: Your muscles are strong. (Str +2) [potion
                  | of mutation]
 23359 | Lair:3   | Lost mutation: Your spells are a little harder to cast, but
                  | a little more powerful. [potion of mutation]
 23359 | Lair:3   | Gained mutation: Your spells are a little harder to cast,
                  | but a little more powerful. [potion of mutation]
 23443 | Shoals:1 | Entered Level 1 of the Shoals
 23701 | Shoals:1 | Received a gift from Okawaru
 23877 | Shoals:1 | Got a faintly glowing marble ring
 24624 | Shoals:2 | Received a gift from Okawaru
 24630 | Shoals:2 | Got a fine broad axe {god gift}
 24631 | Shoals:2 | Identified the +2 broad axe of the Tiger {chop, rF+ Int+3
                  | Stlth+} (Okawaru gifted it to you on level 2 of the Shoals)
 24928 | Shoals:2 | Found Zugygor's Weapon Shoppe.
 25542 | Shoals:3 | Reached XP level 18. HP: 150/166 MP: 24/24
 25590 | Shoals:3 | Noticed Polyphemus
 25603 | Shoals:3 | Killed Polyphemus
 25623 | Shoals:3 | Reached skill level 5 in Stealth
 25770 | Shoals:3 | Received a gift from Okawaru
 26870 | Shoals:4 | Entered Level 4 of the Shoals
 26908 | Shoals:4 | Identified the Tome of the Wilderness
 26925 | Shoals:4 | Identified the ring "Zali" {Fire rPois MP+9 Str+5} (You
                  | found it on level 1 of the Shoals)
 27129 | Shoals:4 | Noticed Kirke
 27165 | Shoals:4 | Killed Kirke
 27357 | Shoals:4 | Received a gift from Okawaru
 27875 | Shoals:4 | Got a barnacled rune of Zot
 28868 | Orc:1    | Entered Level 1 of the Orcish Mines
 29202 | Orc:2    | Entered Level 2 of the Orcish Mines
 29444 | Orc:2    | Found a staircase to the Elven Halls.
 29622 | Orc:2    | Found Mawiegala's General Store.
 29708 | Orc:2    | Found Silurhim's General Store.
 29712 | Orc:2    | Found Gugiamir's Book Shop.
 29721 | Orc:2    | Found Befuffuck's Armour Shop.
 29864 | Orc:2    | Bought a scroll of enchant armour for 82 gold pieces
 29874 | Orc:2    | Bought a +2 pair of boots for 231 gold pieces
 29893 | Orc:2    | Bought a scroll of blinking for 82 gold pieces
 29893 | Orc:2    | Bought a scroll of teleportation for 33 gold pieces
 29893 | Orc:2    | Bought a potion of haste for 110 gold pieces
 29893 | Orc:2    | Bought a potion of haste for 110 gold pieces
 30175 | Snake:3  | Bought a potion of ambrosia for 120 gold pieces
 30175 | Snake:3  | Bought a potion of haste for 150 gold pieces
 30407 | Elf:1    | Entered Level 1 of the Elven Halls
 30487 | Elf:1    | Found Taly's Armour Boutique.
 30545 | Elf:1    | Bought a +0 cloak of magic resistance for 172 gold pieces
 30713 | Elf:1    | Found Agecit's Antique Weapon Emporium.
 30783 | Elf:1    | Reached XP level 19. HP: 177/177 MP: 25/25
 30910 | Elf:1    | Found Odeit's Gadget Emporium.
 30928 | Elf:1    | Received a gift from Okawaru
 30960 | Elf:1    | Got a shimmering war axe {god gift}
 30961 | Elf:1    | Identified the +7 war axe of Hedonism {venom, Int+6}
                  | (Okawaru gifted it to you on level 1 of the Elven Halls)
 31238 | Elf:1    | Found a portal to a secret trove of treasure.
 31294 | Elf:1    | Found Yluif's General Store.
 31299 | Elf:1    | Bought a scroll of enchant armour for 97 gold pieces
 31438 | Elf:2    | Found a ruined gateway.
 31736 | Lair:3   | Lost mutation: Your muscles are strong. (Str +2) [potion of
                  | mutation]
 31736 | Lair:3   | Lost mutation: Your spells are a little harder to cast, but
                  | a little more powerful. [potion of mutation]
 31736 | Lair:3   | Gained mutation: You are resistant to hostile enchantments.
                  | (MR+) [potion of mutation]
 31736 | Lair:3   | Gained mutation: You possess an exceptional clarity of
                  | mind. [potion of mutation]
 31963 | Desolati | Entered the Desolation of Salt
 32251 | Desolati | Received a gift from Okawaru
 32453 | Desolati | Identified the Incunabulum of Doom
 32455 | Desolati | Found the +3 robe of Clouds {+Fly rElec}
 32478 | Desolati | Identified Sif Muna's Compendium of Moulding
 33301 | Desolati | Got a steaming golden ring
 33306 | Desolati | Identified the ring of Yghomap {+Fly Str+2} (You found it
                  | in the Desolation of Salt)
 33310 | Desolati | Got a glittering marble ring
 33312 | Desolati | Identified the ring "Zuhu" {rPois rF+ Dex+4} (You found it
                  | in the Desolation of Salt)
 33342 | Desolati | Got a bloodstained scale mail
 33353 | Desolati | Identified the cursed +0 scale mail "Piblenke" {+Inv rElec
                  | rF+ rC+} (You found it in the Desolation of Salt)
 33532 | Elf:2    | Received a gift from Okawaru
 33654 | Elf:2    | Found a huge runed gate.
 33654 | Elf:2    | Found a huge runed gate.
 33654 | Elf:2    | Found a huge runed gate.
 33658 | Elf:2    | Found a huge runed gate.
 33659 | Elf:2    | Found a huge runed gate.
 33707 | Elf:2    | Found Owirared's Weapon Shop.
 34005 | Elf:2    | Reached skill level 10 in Stealth
 34103 | Elf:2    | Reached XP level 20. HP: 185/187 MP: 26/26
 34303 | Elf:3    | Entered Level 3 of the Elven Halls
 34874 | Elf:3    | Received a gift from Okawaru
 35230 | Elf:3    | Received a gift from Okawaru
 35284 | Elf:3    | Identified the +2 battleaxe "Trog's Anger" {protect, -Tele
                  | +Fly Str+6 Dex-5} (You took it off a deep elf annihilator
                  | on level 3 of the Elven Halls)
 35406 | Elf:3    | Identified the Incunabulum of Snow
 35416 | Elf:3    | Got a twisted hand axe
 35417 | Elf:3    | Identified the +7 hand axe "Eqiuqaly" {protect, Fragile
                  | +Fly rElec Str+4} (You found it on level 3 of the Elven
                  | Halls)
 35476 | Elf:3    | Got a warped ivory amulet
 35486 | Elf:3    | Identified the Compendium of Transmigration and Combat
                  | Magic
 35509 | Elf:3    | Identified the amulet "Somp" {Inacc rElec rN+ Str-4} (You
                  | found it on level 3 of the Elven Halls)
 35514 | Elf:3    | Got a steaming iron ring
 35518 | Elf:3    | Identified the ring "Soyhurru" {*Corrode rPois Int+7 SInv
                  | Stlth-} (You found it on level 3 of the Elven Halls)
 35740 | Elf:3    | Got a translucent fustibalus
 35741 | Elf:3    | Identified the +5 fustibalus "Erahoapron" {velocity, +Inv
                  | rF+} (You found it on level 3 of the Elven Halls)
 35746 | Elf:3    | Got a jewelled short sword
 35747 | Elf:3    | Identified the +6 short sword "Cacrimisi" {freeze, rElec}
                  | (You found it on level 3 of the Elven Halls)
 35778 | Elf:3    | Got a warped glaive {elec}
 35784 | Elf:3    | Identified the +10 glaive "Loackoic" {elec, Fragile +Blink
                  | Dex+4 Stlth+} (You took it off a deep elf demonologist on
                  | level 3 of the Elven Halls)
 36486 | D:11     | Identified the Papyrus of Aerial Evil
 36697 | D:11     | Noticed Erica
 36703 | D:11     | Killed Erica
 36959 | D:11     | Found Jenont's Gadget Shop.
 37060 | D:11     | Noticed Psyche
 37064 | D:11     | Killed Psyche
 37140 | D:12     | Found Todghaeny's Antique Weapon Emporium.
 38065 | D:13     | Received a gift from Okawaru
 38305 | D:13     | Got a pair of transparent boots
 38316 | D:13     | Identified the +1 pair of boots of an ossuary {MR+ Int+4}
                  | (You found it on level 13 of the Dungeon)
 38659 | D:13     | Identified the +1 chain mail of Vanity {rN+} (Okawaru
                  | gifted it to you on level 13 of the Dungeon)
 39125 | D:14     | Found a gate to the Vaults.
 39197 | D:14     | Found a runed door.
 39247 | D:14     | Reached XP level 21. HP: 194/198 MP: 27/27
 39295 | D:14     | Got a heavily runed wooden ring
 39298 | D:14     | Identified the ring "Xyjeoko" {*Corrode rPois MR+ Stlth+}
                  | (You took it off an orc warrior on level 14 of the Dungeon)
 39339 | D:14     | Identified Netabo Foyf's Guide on Calling and Enchantment
 39394 | D:14     | Found a runed door.
 39398 | D:14     | Found a runed door.
 39398 | D:14     | Found a runed door.
 39959 | D:15     | Entered Level 15 of the Dungeon
 39959 | D:15     | Found a shattered altar of Ashenzari.
 40060 | D:15     | Found a staircase to the Depths.
 40448 | Vaults:1 | Entered Level 1 of the Vaults
 40701 | Vaults:1 | Received a gift from Okawaru
 41828 | Vaults:2 | Found a staircase to the Crypt.
 41828 | Vaults:2 | Found an ancient bone altar of Kikubaaqudgha.
 41829 | Vaults:2 | Found a basalt altar of Yredelemnul.
 41965 | Vaults:2 | Received a gift from Okawaru
 42470 | Vaults:2 | Found a basalt altar of Yredelemnul.
 43194 | Vaults:3 | Reached XP level 22. HP: 184/206 MP: 28/28
 43310 | Vaults:3 | Received a gift from Okawaru
 43629 | Vaults:3 | Received a gift from Okawaru
 43650 | Vaults:3 | Got an ancient battleaxe {god gift}
 44153 | Vaults:3 | Found Hegim's Armour Boutique.
 44236 | Vaults:4 | Found Giril's Jewellery Emporium.
 44379 | Vaults:4 | Found Asisaa's Gadget Shoppe.
 44447 | Vaults:4 | Found Vahujuom's Gadget Shoppe.
 44496 | Vaults:4 | Reached skill level 10 in Evocations
 44842 | Vaults:4 | Received a gift from Okawaru
 44945 | Vaults:4 | Found a runed gate.
 44945 | Vaults:4 | Found a runed gate.
 44945 | Vaults:4 | Found a runed gate.
 44945 | Vaults:4 | Found Nung's Assorted Antiques.
 44950 | Vaults:4 | Found an opulent altar of Gozag.
 44951 | Vaults:4 | Noticed Zuyghoite's ghost (adept MiFi)
 44999 | Vaults:4 | Killed Zuyghoite's ghost
 45095 | Vaults:4 | Bought a scroll of identify for 56 gold pieces
 45097 | Vaults:4 | Identified the +0 battleaxe "Wigoez" {vamp, rElec rC+ SInv
                  | Stlth+} (Okawaru gifted it to you on level 3 of the Vaults)
 45293 | Vaults:4 | Reached XP level 23. HP: 162/212 MP: 29/29
 45302 | Vaults:4 | Received a gift from Okawaru
 45338 | Vaults:4 | Reached skill level 15 in Stealth
 45440 | Vaults:4 | Noticed Boris
 45458 | Vaults:4 | Killed Boris
 45630 | Vaults:4 | Got a colourful robe {god gift}
 45641 | Vaults:4 | Identified the +2 robe of Intuition {rPois} (Okawaru gifted
                  | it to you on level 4 of the Vaults)
 45688 | Vaults:5 | Entered Level 5 of the Vaults
 46449 | Vaults:5 | HP: 4/318 [ghostly deep elf death mage/bolt of negative
                  | energy (51)]
 46449 | Vaults:5 | Annihilated by a tengu reaver

Skill      XL: |  1  2  3  4  5  6  7  8  9 10 11 12 13 14 15 16 17 18 19 20 21 22 23 |
---------------+----------------------------------------------------------------------+-----
Axes           | 3 4 5 7 8 11 14 15 16 17 18 19 | 19.4
Fighting       | 4 5 7 9 10 11 13 14 15 16 17 18 19 20 | 20.0
Armour         | 4 5 7 9 10 11 13 14 15 | 15.0
Dodging        | 1 3 5 7 8 10 11 12 13 15 16 17 18 19 20 | 20.0
Shields        | 4 5 7 9 10 11 13 14 15 16 17 19 20 | 20.0
Invocations    | 2 5 7 9 10 | 10.0
Evocations     | 4 5 8 10 | 10.0
Stealth        | 4 7 10 11 14 15 | 15.0

Action                   |  1- 3 |  4- 6 |  7- 9 | 10-12 | 13-15 | 16-18 | 19-21 | 22-24 || total
-------------------------+-------+-------+-------+-------+-------+-------+-------+-------++-------
Melee: War axe           |    82 |    65 |   195 |   481 |   496 |   164 |    31 |       ||  1514
       Headbutt          |     8 |     8 |    29 |   128 |   291 |   325 |   452 |   246 ||  1487
       Broad axe         |       |       |       |    26 |   248 |   267 |   335 |       ||   876
       Demon trident     |       |       |       |       |   187 |   987 |   414 |       ||  1588
       Glaive            |       |       |       |       |       |       |   860 |   745 ||  1605
Invok: Heroism           |       |       |       |       |       |     3 |       |       ||     3
       Finesse           |       |       |       |       |       |     1 |       |       ||     1
 Abil: Evoke Flight      |       |       |       |       |       |    44 |       |       ||    44
       Stop Flying       |       |       |       |       |       |    12 |       |       ||    12
Evoke: Wand              |       |       |       |     2 |    12 |    20 |     2 |     1 ||    37
       Phial of floods   |       |       |       |       |       |     3 |     1 |       ||     4
       Phantom mirror    |       |       |       |       |       |       |     1 |       ||     1
  Use: Scroll            |     4 |     4 |    11 |    11 |    14 |    23 |    23 |     4 ||    94
       Potion            |       |     5 |     3 |     5 |     1 |    16 |     3 |     4 ||    37
 Stab: Sleeping          |       |       |       |       |       |    14 |    70 |    14 ||    98
       Distracted        |       |       |       |       |       |     5 |    12 |     2 ||    19
       Held in net/web   |       |       |       |       |       |     2 |       |       ||     2
       Petrified         |       |       |       |       |       |     1 |       |       ||     1
  Eat: Chunk             |       |     2 |    11 |    10 |     8 |    11 |    18 |     8 ||    68
       Ration            |       |     1 |       |     3 |     5 |    13 |     5 |     1 ||    28
Armor: Scale mail        |    38 |    21 |       |       |       |       |       |       ||    59
       Ring mail         |       |       |    24 |    54 |     1 |       |       |       ||    79
       Chain mail        |       |       |       |       |   166 |    24 |       |       ||   190
       Robe              |       |       |       |       |       |    81 |   134 |    76 ||   291
Dodge: Dodged            |    25 |    25 |    40 |    86 |   274 |   538 |  1101 |   767 ||  2856
Block: Shield            |    42 |    37 |   101 |   298 |   804 |  1220 |   467 |       ||  2969
       Reflection        |       |       |    10 |     7 |    41 |   188 |    57 |    11 ||   314
       Other             |       |       |       |       |       |       |    88 |    79 ||   167
